 Dungeon Crawl Stone Soup version 0.30-a0-672-gc3a7216ad8 (webtiles) character file.

Game seed: 10177363878922019004

2585 BigDaddyOpFi the Firebug (level 10, -4/61 HPs)
             Began as a Meteoran Fire Elementalist on Jan 18, 2023.
             Engulfed by a steam dragon's steam (8 damage)
             ... on level 9 of the Dungeon.
             The game lasted 00:13:56 (5072 turns).

BigDaddyOpFi the Firebug (MeFE)                     Turns: 5072, Time: 00:13:56

Health: -4/61      AC:  7    Str:  6    XL:     10   Next: 12%
Magic:  11/21      EV: 20    Int: 22    God:
Gold:   262        SH:  0    Dex: 14    Spells: 16/22 levels left

rFire   . . .      SeeInvis .    q - +2 dagger (drain)
rCold   . . .      Faith    .    (no shield)
rNeg    . . .      Spirit   .    l - +4 robe "Rieca" {Rampage Drain Str-4 Stlth+}
rPois   .          Reflect  .    (no helmet)
rElec   .          Harm     .    t - scarf {repulsion}
rCorr   .          Rampage  +    (no gloves)
Will    +....                    g - +0 pair of boots
Stlth   ++                       (no amulet)
HPRegen 0.30/turn                o - +5 ring of evasion
MPRegen 0.17/turn                (no ring)

@: glowing, repel missiles
A: sense surroundings 2, otherworldly, glowing, explore regen
a: no special abilities


You were on level 9 of the Dungeon.
You visited 1 branch of the dungeon, and saw 9 of its levels.

You collected 262 gold pieces.

Inventory:

Hand Weapons
 c - a +0 heavy dagger
 q - a +2 dagger of draining (weapon)
 r - a +0 glaive
 u - a +3 spear
Missiles
 b - 2 throwing nets
 f - 5 poisoned darts
Armour
 a - a +0 robe
 g - a +0 pair of boots (worn)
 l - the +4 robe "Rieca" (worn) {Rampage Drain Str-4 Stlth+}
   (You found it on level 2 of the Dungeon)

   Str:       It affects your strength (-4).
   Drain:     It drains your maximum health when unequipped.
   Rampage:   It bestows one free step when moving towards enemies.
   Stlth:     It makes you more stealthy.
 s - a +0 plate armour
 t - a scarf of repulsion (worn)
Jewellery
 e - a +6 ring of intelligence
 o - a +5 ring of evasion (left hand)
Wands
 w - a wand of flame (24)
Scrolls
 j - a scroll of amnesia
 m - 9 scrolls of identify
 p - a scroll of vulnerability
Potions
 d - a potion of heal wounds {unknown}
 h - a potion of flight
 i - 3 potions of lignification {unknown}
 k - 2 potions of brilliance
 n - a potion of mutation {unknown}
 v - a potion of might


   Skills:
 + Level 3.2 Fighting
 + Level 6.5 Dodging
 + Level 4.6 Stealth
 + Level 6.9 Spellcasting
 + Level 4.1 Conjurations
 - Level 4.3 Translocations
 + Level 7.1 Fire Magic
 - Level 4.3 Air Magic


You had 16 spell levels left.
You knew the following spells:

 Your Spells              Type           Power      Damage    Failure   Level
a - Foxfire               Conj/Fire      100%       2x1d9     1%          1
b - Scorch                Fire           78%        2d9       1%          2
c - Kindle Blastsparks    Fire/Tloc/Air  60%        2d15      2%          3

Your spell library contained the following spells:

 Spells                   Type           Power      Damage    Failure   Level
 Inner Flame              Hex/Fire       23%        N/A       6%          3
 Flame Wave               Conj/Fire      32%        2d9       8%          4
 Freeze                   Ice            28%        1d5       9%          1
 Hailstorm                Conj/Ice       16%        3d6       11%         3
 Stone Arrow              Conj/Erth      32%        3d9       11%         3
 Frozen Ramparts          Ice            14%        1d3       26%         3
 Animate Armour           Summ/Erth      14%        N/A       63%         4
 Lehudib's Crystal Spear  Conj/Erth      8%         10d3      100%        8


Dungeon Overview and Level Annotations

Branches:
Dungeon (9/15) Zot: 509    Temple (0/1) D:7
   Lair: D:8-11         Orc: D:9-12

Altars:
The Shining One

Shops:
D:8 (

Annotations:
D:8 Grum


Innate Abilities, Weirdness & Mutations

You passively map the area around you.
You are easily found by Zot.
You glow in the dark.
You regain HP and MP as you explore.


Message History

The hornet is engulfed in a cloud of scalding steam.
Casting: Kindle Blastsparks (dangerous; 3% risk of failure)
Confirm with . or Enter, or press ? or * to list all spells.
A cloud of volatile blastsparks flares up around you!
The hornet buzzes angrily.
The cloud of blastsparks explodes!
The concussive blast engulfs the hornet!
The hornet is severely wounded.
You hear a shout!
Casting: Kindle Blastsparks (dangerous; 3% risk of failure)
Confirm with . or Enter, or press ? or * to list all spells.
A cloud of volatile blastsparks flares up around you!
The cloud of blastsparks explodes!
The concussive blast engulfs the hornet!
You kill the hornet!
Your Conjurations skill increases to level 4!
Things that are here:
a +0 club; a +0 ring mail; an orc corpse You start waiting.
A steam dragon is nearby!
A steam dragon is nearby!
Casting: Kindle Blastsparks (dangerous; 2% risk of failure)
Confirm with . or Enter, or press ? or * to list all spells.
A cloud of volatile blastsparks flares up around you!
The steam dragon breathes steam at you.
The ball of steam is repelled.
You hear the creaking of a portcullis nearby.
Casting: Kindle Blastsparks (dangerous; 2% risk of failure)
Confirm with . or Enter, or press ? or * to list all spells.
A cloud of volatile blastsparks flares up around you!
The steam dragon breathes steam at you. The ball of steam hits you!
* * * LOW HITPOINT WARNING * * *
Really walk into that cloud of steam?
Okay, then.
Really walk into that cloud of steam?
You are engulfed in a cloud of scalding steam.
* * * LOW HITPOINT WARNING * * *
You are engulfed in a cloud of scalding steam.
You die...

##* ##### ######### .#
####§§§########........ .#
###..§###@...............*
### ####.D####
##.##.###<.......
..###...§## ######
#.>...... .....†D.##
#........* #######.#
#........ ### * #####.###
* * ,.# * * #* * * ,


There were no monsters in sight!

Vanquished Creatures
  A komodo dragon (D:9)
  A hornet (D:9)
  An acid dragon (D:7)
  A water moccasin (D:7)
  Duvessa (D:7)
  An orc warrior (D:7)
  An ogre (D:4)
  3 wolves (D:8)
  2 centaurs (D:7)
  A phantom (D:7)
  A kobold brigand (D:7)
  2 bullfrogs
  A necrophage (D:7)
  2 scorpions
  Dowan (D:7)
  4 wights (D:7)
  3 gnoll boudas
  3 iguanas
  3 orc wizards
  11 gnolls
  5 adders
  A shadow imp (D:7)
  2 white imps (D:7)
  2 ufetubi (D:5)
  A worm (D:2)
  4 dart slugs
  12 orcs
  8 ball pythons
  7 endoplasms
  3 giant cockroaches
  6 goblins
  6 hobgoblins
  3 jackals (D:1)
  2 quokkas
  3 bats
  A frilled lizard (D:1)
  13 kobolds
  7 rats
130 creatures vanquished.

Vanquished Creatures (collateral kills)
  A bullfrog (D:7)
1 creature vanquished.

Vanquished Creatures (others)
  249 foxfires
249 creatures vanquished.

Grand Total: 380 creatures vanquished

Notes
Turn   | Place    | Note
-------+----------+-------------------------------------------
     0 | D:1      | BigDaddyOpFi the Meteoran Fire Elementalist began the quest
                  | for the Orb.
     0 | D:1      | Reached XP level 1. HP: 14/14 MP: 5/5
   105 | D:1      | Reached XP level 2. HP: 17/20 MP: 0/6
   394 | D:1      | Found a faded altar of an unknown god.
   406 | D:1      | Reached XP level 3. HP: 26/26 MP: 0/8
   437 | D:1      | Learned a level 2 spell: Scorch
   500 | D:1      | Glimpsed the power of Zot.
   550 | D:1      | Glimpsed the power of Zot.
   649 | D:2      | Reached skill level 4 in Fire Magic
   703 | D:2      | Reached XP level 4. HP: 32/33 MP: 9/9
   798 | D:2      | Reached skill level 1 in Translocations
   903 | D:2      | Reached skill level 1 in Air Magic
  1034 | D:2      | Identified the +4 robe "Rieca" {Rampage Drain Str-4 Stlth+}
  1409 | D:3      | Found a glowing golden altar of the Shining One.
  1411 | D:3      | Noticed an angel
  1630 | D:3      | Reached XP level 5. HP: 38/38 MP: 0/11
  1697 | D:3      | Glimpsed the power of Zot.
  1787 | D:4      | Noticed an ogre
  1794 | D:4      | Killed an ogre
  1795 | D:4      | Reached XP level 6. HP: 45/45 MP: 3/12
  2293 | D:4      | Glimpsed the power of Zot.
  2335 | D:5      | Entered Level 5 of the Dungeon
  2340 | D:5      | Learned a level 3 spell: Kindle Blastsparks
  2482 | D:5      | Reached XP level 7. HP: 45/50 MP: 4/14
  2775 | D:5      | Noticed a yak
  2776 | D:5      | Noticed a yak
  2777 | D:5      | Noticed a yak
  2778 | D:5      | Noticed a yak
  2779 | D:5      | Reached skill level 5 in Fire Magic
  2781 | D:5      | Noticed a yak
  2881 | D:5      | Glimpsed the power of Zot.
  2895 | D:6      | You fall into a shaft and drop 1 floor!
  2898 | D:7      | Noticed Duvessa
  2913 | D:7      | Killed Duvessa
  2918 | D:7      | Noticed Dowan
  2929 | D:7      | Killed Dowan
  2970 | D:7      | Reached XP level 8. HP: 33/57 MP: 4/16
  3093 | D:7      | Reached skill level 5 in Spellcasting
  3221 | D:7      | HP: 2/57 [gnoll/+0 whip[a gnoll bouda] (5)]
  3374 | D:7      | Found a staircase to the Ecumenical Temple.
  3623 | D:7      | Reached skill level 5 in Dodging
  3629 | D:7      | Reached skill level 6 in Fire Magic
  3629 | D:7      | Gained mutation: You passively map the area around you.
                  | [Meteoran growth]
  3629 | D:7      | Reached XP level 9. HP: 59/62 MP: 0/18
  4025 | D:7      | Reached skill level 1 in Fighting
  4680 | D:7      | Glimpsed the power of Zot.
  4730 | D:7      | Glimpsed the power of Zot.
  4770 | D:7      | Glimpsed the power of Zot.
  4780 | D:8      | Touched by the power of Zot.
  4865 | D:8      | Found Kiyleaq's Hydra Hut.
  4866 | D:8      | Noticed a five-headed hydra
  4870 | D:8      | Noticed Grum
  4881 | D:8      | Glimpsed the power of Zot.
  4936 | D:9      | Noticed a komodo dragon
  4952 | D:9      | Killed a komodo dragon
  4953 | D:9      | Reached skill level 7 in Fire Magic
  4953 | D:9      | Reached XP level 10. HP: 16/61 MP: 9/21
  5033 | D:9      | Noticed a komodo dragon
  5072 | D:9      | Engulfed by a steam dragon's steam

Illustrated notes

Levels and vault maps discovered:
D:1:      minmay_arrival_checkered_box, layout_rooms,
          hellmonk_ecumenical_altar_crossroads, minivault_5,
          minmay_split_cup_small
D:2:      minmay_inner_zag, layout_rooms, minmay_cut_off
D:3:      layout_loops_ring, grunt_temple_overflow_holy_war,
          mainiacjoe_overflow_alcove_2, minmay_lizard_king
D:4:      layout_rooms
D:5:      layout_basic
D:6:      layout_rooms, mainiacjoe_overflow_chevrons
D:7:      layout_basic, grunt_temple_overflow_opulence,
          minmay_temple_entry_tees, st_stairs_4, uniq_duvessa
D:8:      layout_basic, doesnt_shop_hydraphobe, uniq_erica, uniq_grum
D:9:      layout_roguey, erik_lair_dragon, erik_orc_2, enter_bailey_4,
          lightli_church_of_beogh, uniq_harold

Skill      XL: |  1  2  3  4  5  6  7  8  9 10 |
---------------+-------------------------------+-----
Spellcasting   | 3 4 5 6 |  6.9
Fire Magic     | 4 5 6 7 |  7.1
Dodging        | 3 4 5 6 |  6.5
Translocations | 1 2 3 4 |  4.3
Air Magic      | 1 2 3 4 |  4.3
Stealth        | 2 3 4 |  4.6
Conjurations   | 3 4 |  4.1
Fighting       | 3 |  3.2

Action                   |  1- 3 |  4- 6 |  7- 9 | 10-12 || total
-------------------------+-------+-------+-------+-------++-------
Melee: Dagger            |    35 |    51 |    14 |       ||   100
       Unarmed           |     1 |       |       |       ||     1
       Punch             |       |     2 |       |       ||     2
 Cast: Foxfire           |    66 |    81 |    41 |       ||   188
       Scorch            |       |    20 |    26 |     1 ||    47
       Kindle Blastspark |       |     4 |    50 |     5 ||    59
  Use: Scroll            |       |     8 |     4 |       ||    12
       Potion            |       |     5 |     1 |       ||     6
Armor: Robe              |    17 |    33 |    16 |       ||    66
Dodge: Dodged            |    28 |    45 |    88 |       ||   161
       Repelled          |       |       |       |     1 ||     1

Table legend: (Time is in decaauts)
 A = Elapsed time spent in this place.
 B = Non-inter-level travel time spent in this place.
 C = Inter-level travel time spent in this place.
 D = Time resting spent in this place.
 E = Time spent auto-exploring this place.
 F = Levels seen in this place.
 G = Mean time per level.
                   A        B        C        D        E       F      G
               +--------+--------+--------+--------+--------+-----+--------+
         Total |   5091 |   4913 |    178 |   1499 |   1832 |   9 |  565.7 |
       Dungeon |   5091 |   4913 |    178 |   1499 |   1832 |   9 |  565.7 |
               +--------+--------+--------+--------+--------+-----+--------+

Top non-repeatable levels by time:
     D:7: 1816 daAuts
     D:3: 789 daAuts
     D:1: 569 daAuts
     D:2: 567 daAuts
     D:5: 533 daAuts
     D:4: 453 daAuts
     D:8: 202 daAuts
     D:9: 155 daAuts
     D:6: 4 daAuts
